 Dungeon Crawl Stone Soup version 0.28-a0-312-gbced6e68ee (webtiles) character file.

Game seed: 6269816335671881898

355 avis the Skirmisher (level 6, -5/45 HPs)
             Began as an Octopode Transmuter on Aug 31, 2021.
             Slain by a hornet (10 damage)
             ... while paralysed by a hornet
             ... on level 4 of the Dungeon.
             The game lasted 00:21:55 (4765 turns).

avis the Skirmisher (Octopode Transmuter)           Turns: 4765, Time: 00:21:56

Health: -5/45      AC:  1    Str: 11    XL:     6   Next: 63%
Magic:  7/9        EV:  2    Int: 16    God:
Gold:   262        SH:  0    Dex: 12    Spells: 3/9 levels left

rFire   . . .      SeeInvis .   a - +1 whip (elec)
rCold   . . .      Faith    .   (no shield)
rNeg    . . .      Spirit   .   (helmet restricted)
rPois   .          Reflect  .   (no amulet)
rElec   .          Harm     .   (no ring)
rCorr   .          Rampage  .   (no ring)
Will    .....                   (no ring)
Stlth   +++.......              (no ring)
HPRegen 0.15/turn               (no ring)
MPRegen 0.11/turn               (no ring)
                                (no ring)
                                (no ring)

@: paralysed, lethally poisoned (-5 -> -10), slowed
A: almost no armour, amphibious, 8 rings, camouflage 1, gelatinous body 1,
(nimble swimmer 1), tentacles
a: no special abilities


You were on level 4 of the Dungeon.
You visited 1 branch of the dungeon, and saw 4 of its levels.

You collected 262 gold pieces.

Inventory:

Hand Weapons
 a - a +1 whip of electrocution (weapon)
 b - a +3 short sword of draining
 d - a +0 dagger
 w - a +2 short sword of venom
Missiles
 e - 197 stones
 f - 46 arrows
 o - 3 poisoned darts
Scrolls
 c - a scroll of amnesia {unknown}
 h - a scroll of noise {unknown}
 i - a scroll of enchant armour {unknown}
 k - 3 scrolls of identify {unknown}
 l - 2 scrolls of summoning {unknown}
 n - a scroll of brand weapon {unknown}
 q - 3 scrolls of teleportation {unknown}
Potions
 m - a potion of degeneration {unknown}
 p - a potion of attraction {unknown}
 r - a potion of flight


   Skills:
 * Level 4.9 Fighting
 - Level 2.0 Dodging
 - Level 2.0 Stealth
 - Level 4.0 Unarmed Combat
 - Level 2.0 Spellcasting
 + Level 3.0 Transmutations
 - Level 2.0 Poison Magic


You had 3 spell levels left.
You knew the following spells:

 Your Spells              Type           Power      Damage    Failure   Level
a - Beastly Appendage     Tmut           22%        N/A       6%          1
b - Blink                 Tloc           N/A        N/A       30%         2
p - Spider Form           Tmut/Pois      4%         N/A       22%         3

Your spell library contained the following spells:

 Spells                   Type           Power      Damage    Failure   Level
 Wereblood                Tmut           11%        N/A       9%          2
 Ensorcelled Hibernation  Hex/Ice        2%         N/A       30%         2
 Ice Form                 Ice/Tmut       6%         N/A       73%         4
 Manifold Assault         Tloc           1%         N/A       99%         5
 Storm Form               Tmut/Air       3%         N/A       100%        7


Dungeon Overview and Level Annotations

Branches:
Dungeon (4/15)
 Temple: D:4-7

Altars:
Okawaru
Wu Jian

Shops:
D:3 *


Innate Abilities, Weirdness & Mutations

You cannot wear most types of armour.
You are amphibious.
You can wear up to eight rings at the same time.
Your skin changes colour to match your surroundings (Stealth+).
Your rubbery body absorbs attacks. (AC +1, EV +1)
((You are camouflaged near water. (Stealth+)))
You have tentacles for arms and can constrict up to eight enemies at once.


Message History

The helpless hornet fails to defend itself.
You hit the hornet.
The hornet is poisoned.
The hornet is lightly wounded.
The hornet barely misses you.
You closely miss the hornet.
The hornet is lightly wounded.
The hornet completely misses you. The hornet barely misses you.
You barely miss the hornet.
The hornet is lightly wounded.
The hornet stings you!
You are poisoned.
You feel yourself slow down.
You hit the hornet.
The hornet is moderately wounded.
You feel extremely sick. The hornet stings you.
You feel as though you will be slow longer.
The hornet closely misses you.
You hit the hornet but do no damage.
The hornet is heavily wounded.
You feel very sick. The hornet stings you.
You feel as though you will be slow longer.
The hornet barely misses you.
You closely miss the hornet.
The hornet is severely wounded.
You feel very sick. The hornet completely misses you.
The hornet closely misses you.
You hit the hornet but do no damage.
The hornet is severely wounded.
Your transformation has ended.
Your +1 whip of electrocution unmelds from your body.
You hear the crackle of electricity.
You feel very sick. The hornet completely misses you. The hornet stings you.
* * * LOW HITPOINT WARNING * * *
You suddenly lose the ability to move!
* * * LOW HITPOINT WARNING * * *
You feel sick. The hornet stings you!
You die...

#.#........#
#.#.#.##...## #
##......#....# ##
#..........#..###.
#.......#.........
#....#............
#......##..#####..
#....#.##..# #..
#@#....##>.# #..
#y#....##..# #..
#.#........# #..
#?........## ###..
###....###.###....
#...............
##.#####....†...
#.# #####.#). #.#
#.#.#


You could see a hornet (poisoned).

Vanquished Creatures
  A black bear (D:4)
  A water moccasin skeleton (D:4)
  A centaur skeleton (D:4)
  2 iguanas
  4 adders
  2 dart slugs
  An orc (D:4)
  9 bats
  4 endoplasms
  8 giant cockroaches
  6 goblins
  7 hobgoblins
  21 jackals
  4 quokkas
  4 ball pythons
  3 frilled lizards
  8 kobolds
  5 rats
91 creatures vanquished.

Notes
Turn   | Place    | Note
-------+----------+-------------------------------------------
     0 | D:1      | avis the Octopode Transmuter began the quest for the Orb.
     0 | D:1      | Reached XP level 1. HP: 13/13 MP: 3/3
    68 | D:1      | Reached XP level 2. HP: 8/19 MP: 3/5
   568 | D:1      | Reached XP level 3. HP: 23/25 MP: 4/6
   752 | D:1      | Reached skill level 1 in Stealth
   799 | D:1      | Learned a level 3 spell: Spider Form
  1112 | D:1      | Reached skill level 1 in Poison Magic
  1404 | D:2      | Found a faded altar of an unknown god.
  1590 | D:2      | Reached XP level 4. HP: 31/31 MP: 7/7
  3048 | D:3      | Found an iron altar of Okawaru.
  3093 | D:3      | Found Jabed's Assorted Antiques.
  3538 | D:3      | Found an ornate altar of the Wu Jian Council.
  3714 | D:3      | Reached XP level 5. HP: 31/36 MP: 5/8
  3862 | D:4      | Noticed a black bear
  3886 | D:4      | Killed a black bear
  3887 | D:4      | Reached XP level 6. HP: 25/43 MP: 3/9
  4422 | D:4      | Learned a level 2 spell: Blink
  4604 | D:4      | Noticed a hornet
  4764 | D:4      | Paralysed by a hornet for 2 turns
  4765 | D:4      | Slain by a hornet

Illustrated notes

Levels and vault maps discovered:
D:1:      ebering_trefoil_twist, layout_basic, minmay_tetromino_s4
D:2:      layout_basic, ebering_ecumenical_altar_hall
D:3:      layout_rooms, mainiacjoe_overflow_small_starburst,
          nicolae_overflow_crystal_walls, serial_shops, shop
D:4:      layout_loops_ring, minmay_fractal_squares_gapless_5

Skill      XL: |  1  2  3  4  5 |
---------------+----------------+-----
Fighting       | 2 3 4 |  4.9
Stealth        | 1 2 |  2.0
Poison Magic   | 2 |  2.0
Transmutations | 3 |  3.0
Unarmed Combat | 4 |  4.0
Dodging        | |  2.0
Spellcasting   | |  2.0

Action                   |  1- 3 |  4- 6 || total
-------------------------+-------+-------++-------
Melee: Unarmed           |    26 |    82 ||   108
       Constrict         |    27 |     8 ||    35
       Kick              |    13 |       ||    13
       Tentacles         |    11 |     6 ||    17
       Dagger            |    57 |     4 ||    61
       Punch             |     2 |       ||     2
       Whip              |       |    47 ||    47
 Cast: Beastly Appendage |    28 |     6 ||    34
       Spider Form       |       |    17 ||    17
  Use: Potion            |       |     4 ||     4
 Stab: Sleeping          |    11 |     5 ||    16
Armor: Skin              |    11 |    15 ||    26
Dodge: Dodged            |    47 |   110 ||   157

Table legend: (Time is in decaauts)
 A = Elapsed time spent in this place.
 B = Non-inter-level travel time spent in this place.
 C = Inter-level travel time spent in this place.
 D = Time resting spent in this place.
 E = Time spent auto-exploring this place.
 F = Levels seen in this place.
 G = Mean time per level.
                   A        B        C        D        E       F      G
               +--------+--------+--------+--------+--------+-----+--------+
         Total |   4771 |   4558 |    213 |   1509 |   1887 |   4 | 1192.8 |
       Dungeon |   4771 |   4558 |    213 |   1509 |   1887 |   4 | 1192.8 |
               +--------+--------+--------+--------+--------+-----+--------+

Top non-repeatable levels by time:
     D:1: 1717 daAuts
     D:2: 1142 daAuts
     D:3: 963 daAuts
     D:4: 948 daAuts
